 Dungeon Crawl Stone Soup version 0.18-a0-1773-gec4f98e (webtiles) character file.

4584 Solomon123 the Protected (level 10, -6/93 HPs)
             Began as a Hill Orc Fighter on Apr 14, 2016.
             Was a High Priest of Cheibriados.
             Mangled by a chaos spawn (9 damage)
             ... on level 1 of the Abyss.
             The game lasted 00:31:26 (7553 turns).

Solomon123 the Protected (Hill Orc Fighter)         Turns: 7553, Time: 00:31:27

Health: -6/93      AC: -3    Str: 32    XL:     10   Next: 41%
Magic:  12/12      EV: 11    Int: 19    God:    Cheibriados [*****.]
Gold:   438        SH:  0    Dex: 21    Spells: 0 memorised, 9 levels left

rFire  . . .     SeeInvis .     a - +0 war axe
rCold  . . .     Gourm    .     o - +0 plate armour
rNeg   . . .     Faith    .     (no shield)
rPois  .         Spirit   .     (no helmet)
rElec  .         Dismiss  .     (no cloak)
rCorr  .         Reflect  .     e - +0 pair of gloves
SustAt .         Harm     .     (no boots)
MR     +....                    (no amulet)
Stlth  ..........               l - +1 ring of evasion
                                b - ring of protection from magic

@: corroded, very slow, somewhat resistant to hostile enchantments, extremely
unstealthy
A: clumsy 1, low mp 1
a: Bend Time, Temporal Distortion, Slouch, Step From Time, Renounce Religion


You were on level 1 of the Abyss.
You worshipped Cheibriados.
Cheibriados was extremely pleased with you.
You were not hungry.

You visited 1 branch of the dungeon, and saw 8 of its levels.
You visited the Abyss 1 time.
You also visited: Sewer.

You collected 438 gold pieces.

Inventory:

Hand Weapons
 a - a +0 war axe (weapon)
Missiles
 j - a throwing net (quivered)
Armour
 e - a +0 pair of gloves (worn)
 n - the +6 scale mail of Blue Skies {*Confuse +Blink rN+++ Str-3}
   (You found it on level 6 of the Dungeon)

   It affects your strength (-3).
   It renders you almost immune to negative energy.
   It lets you blink.
   It may confuse you when you take damage.
 o - a +0 plate armour (worn)
Jewellery
 b - a ring of protection from magic (left hand)
 l - a +1 ring of evasion (right hand)
 w - a +1 ring of protection {unknown}
Wands
 t - a wand of digging (8/24)
 z - a wand of iceblast (5/15)
Scrolls
 c - 6 scrolls of teleportation
 q - a scroll of blinking
 u - 3 scrolls of identify
 y - 2 scrolls of enchant armour {unknown}
Potions
 k - a potion of ambrosia
 p - 2 potions of invisibility
 s - 2 potions of flight
 v - 2 potions of agility
Comestibles
 d - 2 fruits
 f - 7 bread rations
 g - 6 meat rations
 h - 8 slices of pizza
 i - a royal jelly
 r - 3 beef jerkies


   Skills:
 * Level 9.8 Fighting
 + Level 9.4 Axes
 * Level 10.9 Armour
 + Level 2.5 Dodging
   Level 3.2 Shields
 * Level 4.4 Invocations


You had 9 spell levels left.
You didn't know any spells.

Dungeon Overview and Level Annotations

Branches:
Dungeon (8/15)             Temple (0/1) D:6
   Lair: D:8-11

Altars:
Ashenzari
Cheibriados
Fedhas
Nemelex Xobeh
Qazlal
Vehumet
Xom
Yredelemnul

Annotations:
D:8 Psyche


Innate Abilities, Weirdness & Mutations

You are clumsy. (Dex -2)
Your magical capacity is low (-10% MP).


Message History

You're too confused!
Drink which item? (? for menu, Esc to quit)
You feel better.
You feel less invigorated. The rust devil closely misses you.
The chaos spawn closely misses you.
The kobold demonologist miscasts a cantrip.
The big kobold hits you.
* * * LOW HITPOINT WARNING * * *
The orange demon closely misses you. The rust devil closely misses you.
You slash the kobold demonologist!
The kobold demonologist is heavily wounded.
You closely miss the chaos spawn. You hit the rust devil.
The rust devil is lightly wounded.
You hit the rust devil but do no damage.
The rust devil is severely wounded.
You barely miss the big kobold.
The big kobold is severely wounded.
The rust devil hits you!
* * * LOW HITPOINT WARNING * * *
The rust devil corrodes you! The chaos spawn hits you!
You die...

## . ...#.# . ...
.. . #... . #
####.#......
#..#.. # #.....##
### #...
######...### ..
...#... #........
. # . ..
##...#.....###. .
#.
#....5.........
... #
#...3K#...#.. #
#. #
#..44@K......# .
.......)4.....##
#....#....##...##
#.........# ....
#....#.#### ...
#...... .# #.....
. ....


You could see an orange demon, 2 rust devils, a kobold demonologist, a chaos
spawn, a big kobold and an iron imp.

Vanquished Creatures
  Pikel (D:6)
  A kobold demonologist (Abyss:1)
  Grinder (D:3)
  A yak (D:8)
  Grum (D:8)
  A human (D:8)
  A neqoxec (Abyss:1)
  Duvessa (D:6)
  4 phantoms
  An ice beast (D:7)
  An orc warrior (D:6)
  2 necrophages (D:8)
  2 wolves (D:8)
  3 ogres
  3 centaurs
  A big kobold (D:5)
  A giant frog (D:6)
  2 scorpions
  Dowan (D:6)
  A killer bee (D:7)
  2 howler monkeys
  4 crimson imps
  A quasit (Abyss:1)
  6 hounds
  3 jellies
  2 orc priests
  6 orc wizards
  An iguana (D:4)
  Ijyb (D:3)
  A worker ant (D:5)
  3 sheep (D:8)
  A hound skeleton (D:7)
  A worker ant zombie (D:7)
  10 adders
  A river rat (D:6)
  3 shadow imps
  6 oozes
  8 worms
  An adder skeleton (D:4)
  A dart slug (D:1)
  3 giant geckos
  14 orcs
  3 ball pythons
  3 giant cockroaches
  14 goblins
  2 hobgoblins
  15 jackals
  2 quokkas
  15 bats
  A giant gecko zombie (D:5)
  9 giant newts
  2 jackal skeletons
  A jackal zombie (D:6)
  32 kobolds
  10 rats
218 creatures vanquished.

Vanquished Creatures (others)
  2 slaves (D:6)
  A giant frog (D:6)
  A scorpion (D:6)
  An iguana (D:6)
  2 worker ants (D:6)
  An orc wizard (D:3)
8 creatures vanquished.

Grand Total: 226 creatures vanquished

Notes
Turn   | Place    | Note
--------------------------------------------------------------
     0 | D:1      | Solomon123 the Hill Orc Fighter began the quest for the Orb.
     0 | D:1      | Reached XP level 1. HP: 19/19 MP: 1/1
   199 | D:1      | Reached XP level 2. HP: 27/27 MP: 2/2
   715 | D:2      | Reached XP level 3. HP: 32/33 MP: 3/3
   745 | D:2      | Reached skill level 4 in Armour
  1214 | D:2      | Reached XP level 4. HP: 23/41 MP: 4/4
  1583 | D:3      | HP: 2/41 [giant gecko (1)]
  1635 | D:3      | Reached skill level 5 in Fighting
  1635 | D:3      | Reached XP level 5. HP: 9/48 MP: 5/5
  1850 | D:3      | Noticed a phantom
  1924 | D:3      | Reached skill level 1 in Dodging
  1947 | D:3      | HP: 2/48 [phantom (8)]
  1974 | D:3      | Killed a phantom
  1974 | D:3      | Reached skill level 5 in Armour
  1974 | D:3      | Reached XP level 6. HP: 7/56 MP: 6/6
  1992 | D:3      | Found a snail-covered altar of Cheibriados.
  2021 | D:3      | Became a worshipper of Cheibriados the Contemplative
  2143 | D:3      | HP: 1/57 [something (2)]
  2259 | D:3      | Noticed Ijyb
  2270 | D:3      | Killed Ijyb
  2270 | D:3      | Reached * piety under Cheibriados
  2425 | D:3      | Noticed Grinder
  2441 | D:3      | Paralysed by Grinder for 5 turns
  2455 | D:3      | Killed Grinder
  2455 | D:3      | Reached skill level 5 in Axes
  2455 | D:3      | Reached XP level 7. HP: 16/64 MP: 7/7
  2527 | D:4      | Reached skill level 6 in Armour
  2878 | D:4      | Found a blossoming altar of Fedhas.
  2881 | D:4      | Found a stormy altar of Qazlal.
  3151 | D:4      | Reached XP level 8. HP: 61/71 MP: 8/8
  3187 | D:5      | Entered Level 5 of the Dungeon
  3189 | D:5      | Found a shattered altar of Ashenzari.
  3266 | D:5      | Reached skill level 7 in Armour
  3620 | D:5      | Reached ** piety under Cheibriados
  4090 | D:6      | Found a glowing drain.
  4107 | Sewer    | Entered a sewer
  4131 | Sewer    | Reached *** piety under Cheibriados
  4862 | D:6      | Noticed Pikel
  4883 | D:6      | Killed Pikel
  4883 | D:6      | Reached skill level 8 in Armour
  4883 | D:6      | Reached XP level 9. HP: 65/82 MP: 9/9
  4933 | D:6      | Reached **** piety under Cheibriados
  5378 | D:6      | Reached skill level 9 in Armour
  5378 | D:6      | Reached skill level 1 in Invocations
  5446 | D:6      | Noticed Dowan
  5453 | D:6      | Killed Dowan
  5457 | D:6      | Noticed Duvessa
  5468 | D:6      | Killed Duvessa
  5483 | D:6      | Got a heavily runed scale mail
  5497 | D:6      | Identified the +6 scale mail of Blue Skies {*Confuse +Blink rN+++ Str-3} (You found it on level 6 of the Dungeon)
  5790 | D:6      | Found a staircase to the Ecumenical Temple.
  5977 | D:7      | Found a shimmering altar of Xom.
  6224 | D:7      | Reached skill level 10 in Armour
  6366 | D:7      | Reached ***** piety under Cheibriados
  6509 | D:7      | Found a radiant altar of Vehumet.
  6555 | D:7      | Found a sparkling altar of Nemelex Xobeh.
  6562 | D:7      | Found a basalt altar of Yredelemnul.
  6806 | D:8      | Reached XP level 10. HP: 87/91 MP: 12/12
  7261 | D:8      | Noticed Psyche
  7266 | D:8      | Noticed Grum
  7430 | D:8      | Killed Grum
  7452 | D:8      | Cast into level 1 of the Abyss (Psyche)
  7533 | Abyss:1  | Noticed a kobold demonologist
  7534 | Abyss:1  | Gained mutation: You are clumsy. (Dex -2) [a neqoxec]
  7535 | Abyss:1  | Noticed a kobold demonologist
  7535 | Abyss:1  | Gained mutation: Your magical capacity is low (-10% MP). [a neqoxec]
  7538 | Abyss:1  | Noticed a rust devil
  7541 | Abyss:1  | Noticed a sixfirhy
  7543 | Abyss:1  | Killed a kobold demonologist
  7550 | Abyss:1  | Noticed an orange demon
  7552 | Abyss:1  | Noticed a rust devil
  7553 | Abyss:1  | HP: 3/93 [rust devil[a kobold demonologist] (8)]
  7553 | Abyss:1  | Mangled by a chaos spawn

Vault maps used:
D:1:      lightli_arrival_flooded_house
D:2:      first_bread
D:3:      kennysheep_the_goblin_king, cheibriados_altar_1, uniq_grinder
D:4:      grunt_temple_overflow_forces_of_nature
D:5:      kennysheep_kobold_camp, ashenzari_altar_1
D:6:      temple_statues, portal_sewer_entry_b, uniq_duvessa, uniq_pikel
D:7:      kennysheep_mini_moat, amethyst_overflow_temple_binary,
          marbit_many_paths
D:8:      due_megacathedral, grunt_livestock, uniq_prince_ribbit1, uniq_maurice,
          uniq_psyche, uniq_grum
Sewer:    sewer_fruit_machine

Skill      XL: |  1  2  3  4  5  6  7  8  9 10 |
---------------+-------------------------------+-----
Fighting       | 4 5 6 8 9 |  9.8
Axes           | 3 4 5 7 8 9 |  9.4
Armour         | 4 5 6 8 10 | 10.9
Dodging        | 1 2 |  2.5
Invocations    | 3 4 |  4.4
Shields        | |  3.2

Action                   |  1- 3 |  4- 6 |  7- 9 | 10-12 || total
-------------------------+-------+-------+-------+-------++-------
Melee: War axe           |   121 |   196 |   358 |    99 ||   774
  Use: Scroll            |       |     7 |    10 |     2 ||    19
       Potion            |       |     6 |     5 |     4 ||    15
  Eat: Chunk             |     1 |     2 |     8 |     2 ||    13
       Pizza             |       |     1 |       |       ||     1
Armor: Scale mail        |    89 |   105 |     3 |       ||   197
       Plate armour      |       |       |   288 |    62 ||   350
Dodge: Dodged            |    86 |   112 |   212 |    79 ||   489
